 Dungeon Crawl Stone Soup version 0.29.1-15-g9cfb28693d (webtiles) character file.

Game seed: 10962742555359545282

417982 KamiKatze the Sorcerer (level 22, 0/125 HPs)
             Began as a Deep Elf Conjurer on Apr 28, 2023.
             Was the Champion of Vehumet.
             Killed by divine providence
             ... invoked by a daeva
              (15 damage)
             ... on level 4 of the Depths on May 1, 2023.
             The game lasted 05:31:48 (62911 turns).

KamiKatze the Sorcerer (Deep Elf Conjurer)         Turns: 62911, Time: 05:31:48

Health: 0/125      AC: 13    Str:  4    XL:     22   Next: 59%
Magic:  62/62      EV: 14    Int: 38    God:    Vehumet [******]
Gold:   1265       SH:  7    Dex: 13    Spells: 6/71 levels left

rFire   + . .      SeeInvis +   a - staff of air
rCold   + . .      Faith    .   T - +2 buckler {AC+3}
rNeg    + . .      Spirit   .   t - +2 robe {rC+ rF+}
rPois   +          Reflect  .   p - +0 helmet
rElec   +          Harm     .   q - +2 cloak {Will+}
rCorr   +          Rampage  .   g - +0 pair of gloves
Will    +++..                   r - +0 pair of boots
Stlth   ++++......              s - amulet of Xom's Fair Game {RegenMP rN+ Int+3}
HPRegen 0.30/turn               A - ring of see invisible
MPRegen 0.78/turn               G - ring of Quarch {Fly rElec rPois rCorr MP+9}

@: about to teleport, flying
A: no striking features
}: 2/15 runes: decaying, gossamer
a: Renounce Religion


You were on level 4 of the Depths.
You worshipped Vehumet.
Vehumet was exalted by your worship.
You visited 9 branches of the dungeon, and saw 42 of its levels.
You visited the Abyss 1 time.
You also visited: Sewer, Gauntlet, Ice Cave and Volcano.

You collected 4800 gold pieces.
You spent 3535 gold pieces at shops.

Inventory:

Hand Weapons
 d - a +6 vampiric demon trident
Missiles
 m - 45 poisoned darts (quivered)
 C - 6 curare-tipped darts
 X - 2 throwing nets
Armour
 g - a +0 pair of gloves (worn)
 p - a +0 helmet (worn)
 q - a +2 cloak of willpower (worn)
 r - a +0 pair of boots (worn)
 t - a +2 robe of resistance (worn)
 T - a +2 buckler of protection (worn)
Magical Staves
 a - a staff of air (weapon)
 c - a staff of conjuration
 e - a staff of earth
 f - a staff of fire
Jewellery
 s - the amulet of Xom's Fair Game (around neck) {RegenMP rN+ Int+3}
   (You bought it in a shop on level 3 of the Elven Halls)

   [amulet of magic regeneration]

   It increases your rate of magic regeneration.
   Int:       It affects your intelligence (+3).
   rN:        It protects you from negative energy.
 A - a ring of see invisible (left hand)
 D - the ring of Prescription {rN+ Int+6}
   (You took it off a fire giant on level 2 of the Depths)

   [ring of positive energy]

   Int:       It affects your intelligence (+6).
   rN:        It protects you from negative energy.
 G - the ring of Quarch (right hand) {Fly rElec rPois rCorr MP+9}
   (You took it off a frost giant on level 2 of the Depths)

   [ring of poison resistance]

   rElec:     It insulates you from electricity.
   rPois:     It protects you from poison.
   MP:        It affects your magic capacity (+9).
   Fly:       It grants you flight.
   rCorr:     It protects you from acid and corrosion.
 O - a ring of willpower
 P - a +6 ring of strength
 V - the ring "Yruqumnunn" {Wiz rN++}
   (You took it off a deep elf sorcerer on level 3 of the Elven Halls)

   [ring of wizardry]

   It improves your spell success rate.
   rN:        It greatly protects you from negative energy.
Wands
 v - a wand of roots (7)
 H - a wand of quicksilver (17)
 R - a wand of mindburst (46)
 Y - a wand of digging (7)
Scrolls
 i - 26 scrolls of teleportation
 k - 6 scrolls of immolation
 l - 5 scrolls of enchant armour
 o - 3 scrolls of poison
 y - 2 scrolls of fear
 z - 4 scrolls of magic mapping
 I - 5 scrolls of fog
 L - 4 scrolls of blinking
 N - 5 scrolls of summoning
 Z - 6 scrolls of amnesia
Potions
 b - 3 potions of magic
 h - a potion of resistance
 j - 11 potions of lignification
 n - 5 potions of heal wounds
 u - 3 potions of might
 w - 7 potions of invisibility
 x - 6 potions of haste
 B - 2 potions of brilliance
 E - 5 potions of attraction
 F - 2 potions of cancellation
 K - 10 potions of ambrosia
 M - 17 potions of curing
 S - 11 potions of mutation
 W - 2 potions of berserk rage


   Skills:
 - Level 9.0 Fighting
 - Level 2.0 Throwing
 - Level 6.0 Dodging
 - Level 9.0 Stealth
 - Level 4.0 Shields
 + Level 25.1 Spellcasting
 - Level 19.2 Conjurations
 - Level 10.0 Hexes
 - Level 10.0 Translocations
 - Level 18.0 Fire Magic
 - Level 3.0 Ice Magic
 * Level 10.5 Air Magic
 - Level 22.0 Earth Magic
 - Level 2.0 Evocations


You had 6 spell levels left.
You knew the following spells:

 Your Spells              Type           Power      Damage    Failure   Level
a - Magic Dart            Conj           100%       1d8       0%          1
b - Searing Ray           Conj           100%       2d8       0%          2
c - Fulminant Prism       Conj/Hex       51%        3d23      0%          4
d - Iskenderun's Mystic   Conj/Tloc      100%       2d19      0%          4
e - Lee's Rapid Deconstr  Erth           60%        3d29*     0%          5
f - Iron Shot             Conj/Erth      58%        9d11      0%          6
g - Ignition              Fire           55%        3d15      1%          8
h - Orb of Destruction    Conj           57%        9d14      1%          7
i - Maxwell's Capacitive  Air            56%        ∞         13%         8
j - Shatter               Erth           60%        3d45*     1%          9
l - Conjure Ball Lightni  Conj/Air       63%        3x3d23    1%          6
q - Fireball              Conj/Fire      56%        3d22      0%          5

Your spell library contained the following spells:

 Spells                   Type           Power      Damage    Failure   Level
 Fire Storm               Conj/Fire      56%        8d14      7%          9
 Foxfire                  Conj/Fire      100%       2x1d9     0%          1
 Shock                    Conj/Air       100%       1d9       0%          1
 Slow                     Hex            100%       N/A       0%          1
 Conjure Flame            Conj/Fire      100%       6-21      0%          3
 Dazzling Flash           Conj/Hex       100%       N/A       0%          3
 Inner Flame              Hex/Fire       100%       N/A       0%          3
 Flame Wave               Conj/Fire      100%       2d21      0%          4
 Leda's Liquefaction      Hex/Erth       53%        N/A       0%          4
 Sticky Flame             Conj/Fire      100%       2d11      0%          4
 Iskenderun's Battlesphe  Conj           100%       2d15      0%          5
 Beastly Appendage        Tmut           94%        N/A       1%          1
 Poisonous Vapours        Pois/Air       100%       N/A       1%          2
 Wereblood                Tmut           47%        N/A       1%          2
 Confusing Touch          Hex            89%        N/A       1%          3
 Gell's Gravitas          Tloc           89%        N/A       1%          3
 Ignite Poison            Fire/Tmut/Pois 75%        N/A       1%          3
 Lesser Beckoning         Tloc           89%        N/A       1%          3
 Mephitic Cloud           Conj/Pois/Air  100%       N/A       1%          3
 Ozocubu's Armour         Ice            63%        N/A       1%          3
 Spider Form              Tmut/Pois      47%        N/A       1%          3
 Summon Guardian Golem    Hex/Summ       72%        N/A       1%          3
 Swiftness                Air            100%       N/A       1%          3
 Teleport Other           Tloc           89%        N/A       1%          3
 Vampiric Draining        Necr           47%        2d9       1%          3
 Airstrike                Air            56%        2d(9-25)  1%          4
 Animate Armour           Summ/Erth      100%       N/A       1%          4
 Hailstorm                Conj/Ice       93%        3d18      1%          4
 Passage of Golubria      Tloc           89%        N/A       1%          4
 Summon Lightning Spire   Summ/Air       93%        N/A       1%          4
 Borgnjor's Vile Clutch   Necr/Erth      46%        N/A       1%          5
 Freezing Cloud           Conj/Ice/Air   57%        6-21      1%          5
 Irradiate                Conj/Tmut      44%        3d26      1%          5
 Metabolic Englaciation   Hex/Ice        38%        N/A       1%          5
 Silence                  Hex/Air        56%        N/A       1%          5
 Summon Forest            Summ/Tloc      36%        N/A       1%          5
 Summon Mana Viper        Hex/Summ       72%        N/A       1%          5
 Statue Form              Tmut/Erth      61%        N/A       1%          6
 Ice Form                 Ice/Tmut       56%        N/A       3%          4
 Alistair's Intoxication  Tmut/Pois      31%        N/A       16%         5
 Blade Hands              Tmut           23%        N/A       16%         5
 Eringya's Noxious Bog    Tmut/Pois      23%        N/A       21%         6
 Simulacrum               Ice/Necr       28%        N/A       41%         6
 Summon Cactus Giant      Summ           23%        N/A       63%         6
 Lehudib's Crystal Spear  Conj/Erth      58%        10d14     1%          8
 Spellforged Servitor     Conj/Summ      44%        N/A       2%          7
 Storm Form               Tmut/Air       46%        N/A       47%         7
 Dragon Form              Tmut           23%        N/A       99%         7
 Borgnjor's Revivificati  Necr           23%        N/A       100%        8
 Necromutation            Tmut/Necr      23%        N/A       100%        8
 Death's Door             Necr           23%        N/A       100%        9
 Polar Vortex             Ice            31%        N/A       100%        9


Dungeon Overview and Level Annotations

Branches:
Dungeon (15/15)            Temple (1/1) D:4            Lair (5/5) D:9
  Swamp (4/4) Lair:3       Spider (4/4) Lair:3        Slime (0/5) Lair:5
    Orc (2/2) D:11            Elf (3/3) Orc:2        Vaults (4/5) D:13
  Crypt (0/3) Vaults:2     Depths (4/4) D:15          Sewer (visited)
  IceCv (visited)         Volcano (visited)         Gauntlet (visited)
    Zot: Depths:4

Altars:
Ashenzari
Cheibriados
Dithmenos
Elyvilon
Fedhas
Gozag
Hepliaklqana
Kikubaaqudgha
Makhleb
Nemelex Xobeh
Okawaru
Qazlal
Ru
Sif Muna
Trog
Uskayaw
Vehumet
Wu Jian
Xom
Yredelemnul
Zin
The Shining One
Jiyva

Shops:
D:8 :   Orc:1 *:   Orc:2 :[(*   Elf:3 =:=   Vaults:1 *   Vaults:2 [
Depths:2 =**   Depths:3 (

Portals:
Hell: Lair:5 Depths:1 Depths:2 Depths:3
Abyss: Depths:3
Pandemonium: Depths:2
Ziggurat: Depths:4

Annotations:
Elf:2 3 runed translucent doors, exclusion: 3 doors


Message History

Confirm with . or Enter, or press ? or * to list all spells.
Aiming: Iron Shot (safe; 0% risk of failure)
Press: ? - help, Shift-Dir - straight line, f/p - white draconian
Aim: a white draconian, wielding a +0 battleaxe (almost dead, catching its breath, haloed, 85% to hit)
The iron shot hits the white draconian!!!!
You kill the white draconian!
Vehumet accepts your kill.
You feel your power returning.
You hear a roar!
A green draconian comes into view. It is wielding a +0 dire flail.
The daeva calls down the wrath of the Shining One upon you.
The Shining One smites you!
You fly upwards.
There is a stone staircase leading down here.
You start resting.
Magic restored.
There is an open door here.
There is an open door here.
Key pressed, stopping travel.
There is a stone staircase leading down here.
You fly downwards.
The golden dragon roars deafeningly!
The white draconian roars!
You block the golden dragon's attack. The golden dragon misses you.
The golden dragon tramples you!
You hold your ground!
The golden dragon bites you!!
* * * LOW HITPOINT WARNING * * *
The golden dragon barely misses you. The golden dragon tramples you.
* * * LOW HITPOINT WARNING * * *
You are shoved backwards!
As you read the scroll of teleportation, it crumbles to dust.
You feel strangely unstable. The golden dragon breathes fire at you.
The bolt of fire hits you!! You resist.
* * * LOW HITPOINT WARNING * * *
The daeva calls down the wrath of the Shining One upon you.
The Shining One smites you!
* * * LOW HITPOINT WARNING * * *
The daeva calls down the wrath of the Shining One upon you.
The Shining One smites you!
You die...

#####...#AAA#..####......
#.†#.[.##.∩.##...#.......
.....[..#.AA#............
#...†.C.##### ..........
#.<# ..#..###d........
##..# ................#
###.. ...≈≈............
#....≈≈≈≈≈≈..D...d...
.....≈§§≈≈≈@........
.....≈≈............
.................#
....#.............
...#########..##. #. ...#
.... ..


You could see 2 daevas, a golden dragon (catching breath), a green draconian and
a white draconian.

Vanquished Creatures
  Mara (Vaults:2)
  Bai Suzhen (Vaults:1)
  A golden dragon (Depths:3)
  Jory (Vaults:3)
  Arachne (Spider:2)
  Rupert (D:13)
  Jorgrun (D:13)
  A lich (Vaults:2)
  Asterion (Vaults:2)
  2 titans
  A walking frostbound tome (Depths:2)
  5 deep elf blademasters (Elf:3)
  A quicksilver dragon (Depths:2)
  6 deep elf master archers
  5 sphinxes
  Frances (D:12)
  4 thorn hunters
  Kirke (Lair:3)
  A shadow dragon (Depths:3)
  A storm dragon (Depths:2)
  3 tengu reavers
  4 fire giants
  5 frost giants
  2 orc warlords (Orc:2)
  A caustic shrike zombie (Depths:1)
  7 ghost moths
  A juggernaut zombie (Depths:1)
  An iron dragon (Depths:4)
  Louise (D:15)
  A cacodemon (Depths:2)
  6 deep elf sorcerers
  Aizul (Vaults:4)
  3 deep elf elementalists (Elf:3)
  2 spectral caustic shrikes (Depths:3)
  13 emperor scorpions
  7 vault wardens
  A spriggan defender (Depths:3)
  7 stone giants
  14 very ugly things
  2 vampire knights (Swamp:4)
  The ghost of LaMa the Grappler, a journeyman TrAK of Lugonu (Lair:5)
  14 ironbound preservers
  3 broodmothers
  5 eleionomae
  3 deep elf demonologists (Elf:3)
  10 ironbound thunderhulks
  A white draconian (Depths:4)
  9 entropy weavers
  5 deep elf annihilators
  10 spark wasps
  13 dire elephants
  3 bunyips
  Snorg (Lair:3)
  3 ettins (Depths:1)
  3 deep elf death magi (Elf:3)
  7 fire dragons
  2 shambling mangroves
  Josephine (Lair:5)
  A deep elf high priest (Elf:3)
  7 great orbs of eyes
  11 yaktaur captains
  A rakshasa (Depths:1)
  2 ice dragons
  A peacekeeper (Vaults:4)
  12 vault guards
  2 spriggan air magi (Depths:2)
  10 boulder beetles
  6 ghost crabs
  8 ironbound frosthearts
  7 centaur warriors
  21 hydras
  2 jorogumos
  2 death knights (Vaults:2)
  10 alligators
  5 two-headed ogres
  13 dancing weapons
  2 tengu warriors
  3 death yaks (Lair:5)
  2 deep troll shamans (Depths:1)
  6 spriggan berserkers
  4 orc high priests (Orc:2)
  6 deep troll earth magi
  7 deep elf knights
  A storm dragon zombie (Depths:1)
  Nergalle (D:10)
  A hell knight (D:15)
  3 sun demons
  4 pharaoh ants
  2 iron trolls
  A sixfirhy (Depths:2)
  4 goliath frogs
  A large abomination (Abyss:2)
  53 deep trolls
  7 swamp dragons
  A golden dragon zombie (Depths:1)
  2 flayed ghosts (Swamp:4)
  15 wizards
  A death drake (shapeshifter) (D:14)
  10 steelbarb worms
  A spark wasp zombie (Depths:1)
  4 shadow dragon zombies (Depths:1)
  6 bog bodies
  9 lindwurms
  10 orb spiders
  4 deep elf archers
  An orb spider (shapeshifter) (Vaults:2)
  17 ironbound convokers
  An orange crystal statue (Vaults:3)
  6 necromancers
  7 spriggan druids
  4 spectral hydras (Swamp:4)
  7 orc knights
  36 wolf spiders
  Pikel (D:4)
  4 spectral wolf spiders (Spider:1)
  4 frost giant zombies (Depths:1)
  3 oklob plants (Swamp:4)
  13 deep elf pyromancers
  12 deep elf zephyrmancers
  A harpy (Elf:3)
  6 orc sorcerers
  62 ugly things
  3 cyclopes
  6 moths of wrath
  A wolf spider (shapeshifter) (Vaults:4)
  5 manticores
  4 will-o-the-wisps
  A stone giant skeleton (Depths:1)
  A rust devil (Depths:2)
  A fire giant zombie (Depths:1)
  A stone giant zombie (Depths:1)
  A black mamba (shapeshifter) (D:13)
  6 torpor snails
  21 vault sentinels
  A titan simulacrum (Abyss:2)
  Joseph (D:10)
  A human skeleton (Vaults:2)
  8 elephants
  A smoke demon (Depths:2)
  4 black mambas
  A gargoyle (D:10)
  2 orange demons (Lair:5)
  6 rime drakes
  18 cane toads
  A spark wasp simulacrum (Depths:1)
  7 demonic crawlers
  10 komodo dragons
  A komodo dragon (shapeshifter) (Elf:3)
  A yaktaur zombie (Vaults:2)
  An efreet (D:13)
  3 freezing wraiths (Swamp:4)
  Maggie (D:7)
  3 ice devils (Lair:5)
  A hellwing (Lair:5)
  27 yaktaurs
  5 tengu conjurers
  A queen bee (Lair:4)
  16 meliai
  2 death drake zombies (Swamp:4)
  3 bloated husks
  4 wolf spider simulacra (Spider:1)
  A meliai (shapeshifter) (D:14)
  9 trolls
  22 tarantellas
  41 slime creatures
  A tengu simulacrum (Vaults:2)
  12 tyrant leeches
  Grinder (D:4)
  2 hydra skeletons (Swamp:4)
  17 blink frogs
  20 hornets
  5 dream sheep (Lair:5)
  41 jumping spiders
  4 starcursed masses (Abyss:2)
  5 spriggan zombies (Depths:1)
  42 culicivoras
  2 ettin zombies (Depths:1)
  A shadow (D:8)
  Sigmund (D:2)
  16 spriggans
  A fire elemental (Elf:1)
  A human (shapeshifter) (Elf:1)
  3 wyverns
  An elf zombie (Vaults:2)
  An elf skeleton (Vaults:2)
  2 vampires
  5 water elementals
  9 wraiths
  A ynoxinul (Depths:2)
  4 basilisks
  36 yaks
  3 steam dragons
  2 hogs (Lair:3)
  A human simulacrum (Vaults:2)
  65 redbacks
  Menkaure (D:4)
  14 vampire mosquitoes
  2 glowing shapeshifter zombies (Depths:1)
  21 swamp worms
  An acid dragon (D:9)
  2 hydra simulacra (Swamp:4)
  9 wargs
  14 water moccasins
  5 hell hounds
  A small abomination (Abyss:2)
  A floating eye (Depths:1)
  A floating eye (shapeshifter) (D:13)
  2 sky beasts (D:7)
  6 swamp drakes
  29 orc warriors
  5 black bears
  6 ogres
  15 wolves
  5 boggarts
  9 centaurs
  A swamp dragon skeleton (Swamp:4)
  A kobold brigand (D:7)
  2 human zombies
  Blork the orc (D:4)
  15 bullfrogs
  A glowing shapeshifter simulacrum (Vaults:2)
  A cane toad simulacrum (IceCv)
  2 necrophages (D:4)
  5 earth elementals
  4 wights (D:10)
  26 killer bees
  10 electric eels
  A jelly (D:6)
  Crazy Yiuf (D:7)
  5 hounds
  16 orc priests
  2 gnoll boudas
  Ijyb (D:3)
  3 iguanas (D:6)
  Natasha (thrice) (D:2)
  24 orc wizards
  A hell rat (Sewer)
  A polar bear simulacrum (IceCv)
  A wolf simulacrum (IceCv)
  6 adders
  3 river rats
  6 gnolls
  2 shadow imps
  13 white imps
  2 worms
  2 dart slugs
  72 orcs
  3 ball pythons
  8 endoplasms
  2 giant cockroaches
  A goblin (shapeshifter) (Depths:2)
  13 goblins
  7 hobgoblins
  6 quokkas
  3 training dummies (Elf:2)
  7 bats
  2 frilled lizards
  8 kobolds
  10 rats
  A ball lightning (Depths:2)
  13 briar patches (Swamp:4)
  A fulminant prism (Lair:5)
1717 creatures vanquished.

Vanquished Creatures (collateral kills)
  56 ball lightnings
56 creatures vanquished.

Vanquished Creatures (others)
  An ugly thing (Vaults:2)
  A human (Lair:3)
  1074 ball lightnings
  2 briar patches (Swamp:4)
  6 foxfires
  405 fulminant prisms
  113 fungi
  92 plants
1694 creatures vanquished.

Grand Total: 3467 creatures vanquished

Notes
Turn   | Place    | Note
-------+----------+-------------------------------------------
     0 | D:1      | KamiKatze the Deep Elf Conjurer began the quest for the
                  | Orb.
     0 | D:1      | Reached XP level 1. HP: 10/10 MP: 6/6
   180 | D:1      | Reached XP level 2. HP: 15/15 MP: 2/8
   183 | D:1      | Learned a level 2 spell: Searing Ray
   421 | D:1      | Reached skill level 1 in Hexes
   866 | D:2      | Reached XP level 3. HP: 19/19 MP: 2/9
   868 | D:2      | Reached skill level 1 in Evocations
   924 | D:2      | Noticed Natasha
   924 | D:2      | Noticed Sigmund
   993 | D:2      | Found a faded altar of an unknown god.
  1233 | D:2      | Reached skill level 1 in Translocations
  1369 | D:2      | Killed Natasha
  1370 | D:2      | Reached XP level 4. HP: 15/24 MP: 6/11
  1482 | D:2      | Noticed Natasha
  1568 | D:3      | Found the +4 dagger "Morg" {pain, Will+ Int+5}
  1599 | D:3      | Reached skill level 1 in Throwing
  1648 | D:3      | Found a glowing drain.
  1677 | Sewer    | Entered a sewer
  1683 | Sewer    | Learned a level 4 spell: Fulminant Prism
  1830 | Sewer    | Reached skill level 5 in Conjurations
  1830 | Sewer    | Reached XP level 5. HP: 28/28 MP: 6/12
  2276 | D:3      | Learned a level 4 spell: Iskenderun's Mystic Blast
  2541 | D:3      | Noticed Ijyb
  2553 | D:3      | Paralysed by Ijyb for 5 turns
  2561 | D:3      | Killed Ijyb
  2844 | D:4      | Noticed a lemure
  2897 | D:4      | Reached skill level 4 in Spellcasting
  3103 | D:2      | Killed Natasha
  3220 | D:2      | Noticed Natasha
  3224 | D:2      | Killed Natasha
  3225 | D:2      | Reached XP level 6. HP: 32/32 MP: 8/14
  3326 | D:2      | Killed Sigmund
  3584 | D:4      | Reached XP level 7. HP: 36/36 MP: 11/16
  3613 | D:4      | Noticed Blork the orc
  3618 | D:4      | Killed Blork the orc
  3619 | D:4      | Reached skill level 5 in Spellcasting
  3754 | D:4      | Noticed Pikel
  3760 | D:4      | Killed Pikel
  3761 | D:4      | Reached skill level 6 in Spellcasting
  3761 | D:4      | Reached skill level 5 in Hexes
  3761 | D:4      | Reached XP level 8. HP: 31/41 MP: 8/19
  3880 | D:4      | Found a staircase to the Ecumenical Temple.
  3889 | Temple   | Entered the Ecumenical Temple
  3989 | Temple   | Became a worshipper of Vehumet
  4344 | D:4      | Noticed Grinder
  4365 | D:4      | Killed Grinder
  4621 | D:4      | Noticed Menkaure
  4629 | D:4      | Killed Menkaure
  4630 | D:4      | Reached skill level 5 in Translocations
  4781 | D:5      | Entered Level 5 of the Dungeon
  4844 | D:5      | Reached skill level 7 in Spellcasting
  5237 | D:5      | Reached * piety under Vehumet
  5237 | D:5      | Offered knowledge of Foxfire by Vehumet.
  5238 | D:5      | Reached skill level 1 in Shields
  6083 | D:6      | Reached XP level 9. HP: 45/45 MP: 13/22
  6416 | D:6      | Found a basalt altar of Yredelemnul.
  6416 | D:6      | Found an ornate altar of the Wu Jian Council.
  6416 | D:6      | Found a sparkling altar of Nemelex Xobeh.
  6416 | D:6      | Found a burning altar of Makhleb.
  6417 | D:6      | Found a shadowy altar of Dithmenos.
  6417 | D:6      | Found a sacrificial altar of Ru.
  6418 | D:6      | Found a glowing silver altar of Zin.
  6419 | D:6      | Found an opulent altar of Gozag.
  6419 | D:6      | Found a bloodstained altar of Trog.
  6420 | D:6      | Found a blossoming altar of Fedhas.
  6440 | D:6      | Reached skill level 8 in Spellcasting
  7052 | D:7      | Noticed Maggie
  7070 | D:7      | Killed Maggie
  7214 | D:7      | Found a runed translucent door.
  7215 | D:7      | Noticed Crazy Yiuf
  7221 | D:7      | Killed Crazy Yiuf
  7780 | D:7      | Reached skill level 1 in Fighting
  8194 | D:8      | Found Onousiapp's Self-Improvement Boutique.
  8312 | D:8      | Reached XP level 10. HP: 14/52 MP: 14/24
  8441 | D:8      | Reached ** piety under Vehumet
  8817 | D:9      | Noticed a two-headed ogre
  8819 | D:9      | Offered knowledge of Freeze by Vehumet.
  8820 | D:9      | Reached skill level 9 in Spellcasting
  8822 | D:9      | Noticed a two-headed ogre
  8831 | D:9      | Killed a two-headed ogre
  9472 | D:9      | Killed a two-headed ogre
  9473 | D:9      | Reached skill level 5 in Stealth
  9518 | D:9      | Reached skill level 10 in Spellcasting
  9593 | D:9      | Reached XP level 11. HP: 58/58 MP: 21/27
  9641 | D:9      | Found a staircase to the Lair.
  9900 | D:10     | Entered Level 10 of the Dungeon
  9912 | D:10     | Noticed Nergalle
  9916 | D:10     | Killed Nergalle
  9991 | D:10     | Reached skill level 5 in Dodging
 10244 | D:10     | Noticed a two-headed ogre
 10253 | D:10     | Killed a two-headed ogre
 10253 | D:10     | Offered knowledge of Conjure Flame by Vehumet.
 10254 | D:10     | Reached skill level 10 in Hexes
 10452 | D:10     | Noticed Joseph
 10455 | D:10     | Killed Joseph
 10492 | D:10     | Reached skill level 10 in Conjurations
 10716 | D:10     | Reached *** piety under Vehumet
 10841 | D:10     | Identified the +2 quarterstaff "Compav" {venom, Dex+2}
 10930 | D:10     | Reached skill level 11 in Spellcasting
 11239 | Lair:1   | Entered Level 1 of the Lair of Beasts
 11420 | Lair:1   | Found a dark tunnel.
 11425 | Volcano  | Entered a volcano
 11472 | Volcano  | Noticed a red draconian
 11607 | Lair:1   | Offered knowledge of Flame Wave by Vehumet.
 11634 | Lair:1   | Found a frozen archway.
 11691 | IceCv    | Entered an ice cave
 11691 | IceCv    | Noticed a white ugly thing
 11864 | Lair:1   | Identified the +4 ring mail of Shielding {+Blink +Inv
                  | Int-3}
 12383 | Lair:2   | Reached XP level 12. HP: 66/66 MP: 22/29
 12554 | Lair:2   | Reached **** piety under Vehumet
 12608 | Lair:2   | Reached skill level 12 in Spellcasting
 12695 | Lair:2   | Offered knowledge of Fireball by Vehumet.
 12702 | Lair:2   | Learned a level 5 spell: Fireball
 13139 | Lair:3   | Reached skill level 10 in Translocations
 13148 | Lair:3   | Reached skill level 1 in Fire Magic
 13199 | Lair:3   | Noticed Snorg
 13350 | Lair:3   | Noticed Kirke
 13471 | Lair:3   | Killed Kirke
 13475 | Lair:3   | Reached skill level 13 in Spellcasting
 13619 | Lair:3   | Found a staircase to the Swamp.
 13664 | Lair:3   | Reached ***** piety under Vehumet
 13856 | Lair:3   | Found a hole to the Spider Nest.
 14331 | Lair:3   | Learned a level 3 spell: Mephitic Cloud
 14436 | Lair:3   | Noticed a boulder beetle
 14453 | Lair:3   | Killed a boulder beetle
 14690 | Lair:3   | Killed Snorg
 14691 | Lair:3   | Reached XP level 13. HP: 72/72 MP: 17/32
 14712 | Lair:3   | Learned a level 5 spell: Freezing Cloud
 14731 | Lair:4   | Offered knowledge of Hailstorm by Vehumet.
 14760 | Lair:4   | Reached skill level 5 in Fighting
 14765 | Lair:4   | Reached skill level 1 in Ice Magic
 14977 | Lair:4   | Reached skill level 1 in Air Magic
 15338 | Lair:4   | Reached skill level 14 in Spellcasting
 15787 | Lair:5   | Entered Level 5 of the Lair of Beasts
 15943 | Lair:5   | Noticed Josephine
 15958 | Lair:5   | Killed Josephine
 16178 | Lair:5   | Found a viscous altar of Jiyva.
 16178 | Lair:5   | Found a staircase to the Slime Pits.
 16525 | D:11     | Reached skill level 5 in Fire Magic
 16582 | D:11     | Found a staircase to the Orcish Mines.
 16605 | D:11     | Identified the +6 sling of Qiemaenn {freeze, SInv}
 16792 | D:11     | Offered knowledge of Starburst by Vehumet.
 17562 | Orc:1    | Entered Level 1 of the Orcish Mines
 17622 | Orc:1    | Reached skill level 15 in Spellcasting
 17711 | Orc:1    | Found Ittobrig's Gadget Gallery.
 17725 | Orc:1    | Found Hitikk's Book Boutique.
 17938 | Orc:2    | Entered Level 2 of the Orcish Mines
 17938 | Orc:2    | Found Mygist's Book Emporium.
 17938 | Orc:2    | Found Acroliv's Antique Weapon Shop.
 17979 | Orc:2    | Reached XP level 14. HP: 53/80 MP: 35/35
 17983 | Orc:2    | Noticed an orc warlord
 18244 | Orc:2    | Killed an orc warlord
 18375 | Orc:2    | Found a staircase to the Elven Halls.
 18429 | Orc:2    | Found Atiwyma's General Store.
 18437 | Orc:2    | Bought a scroll of amnesia for 52 gold pieces
 18607 | Orc:2    | Noticed an orc warlord
 18622 | Orc:2    | Offered knowledge of Conjure Ball Lightning by Vehumet.
 18689 | Orc:2    | Learned a level 6 spell: Conjure Ball Lightning
 18884 | Orc:2    | Found Yscheschao's Antique Armour Shoppe.
 19086 | Orc:2    | Killed an orc warlord
 19200 | Orc:1    | Bought a book of Ice for 644 gold pieces
 19272 | D:12     | Reached skill level 16 in Spellcasting
 19924 | D:12     | Noticed Frances
 19933 | D:12     | Killed Frances
 20148 | D:13     | Reached skill level 5 in Air Magic
 20419 | D:13     | Found a gate to the Vaults.
 20576 | D:13     | Identified the +1 plate armour of the Bulwark {rPois}
 20576 | D:13     | Noticed Rupert
 20589 | D:13     | Killed Rupert
 20645 | D:13     | Offered knowledge of Iron Shot by Vehumet.
 20656 | D:13     | Learned a level 6 spell: Iron Shot
 20767 | D:13     | Noticed Jorgrun
 20775 | D:13     | Killed Jorgrun
 20776 | D:13     | Reached skill level 15 in Conjurations
 21486 | D:14     | Reached XP level 15. HP: 86/86 MP: 29/37
 21500 | D:14     | Reached skill level 1 in Earth Magic
 21559 | D:14     | Reached skill level 17 in Spellcasting
 22130 | D:14     | Found a blossoming altar of Fedhas.
 22670 | D:15     | Entered Level 15 of the Dungeon
 22761 | D:15     | Found a gate leading to a gauntlet.
 22770 | Gauntlet | Entered a Gauntlet
 22770 | Gauntlet | Found a transporter.
 22778 | Gauntlet | Found a transporter.
 22779 | Gauntlet | Found a transporter.
 22784 | Gauntlet | Found a transporter.
 22807 | Gauntlet | Found a transporter.
 22807 | Gauntlet | Found a transporter.
 22812 | Gauntlet | Found a transporter.
 22812 | Gauntlet | Found a runed translucent door.
 22819 | Gauntlet | Found a transporter.
 22823 | Gauntlet | Found a transporter.
 22828 | Gauntlet | Found a transporter.
 22835 | Gauntlet | Found a transporter.
 22839 | Gauntlet | Found a transporter.
 22844 | Gauntlet | Found a transporter.
 22851 | Gauntlet | Found a transporter.
 22983 | D:15     | Found a white marble altar of Elyvilon.
 23548 | D:15     | Found an iron altar of Okawaru.
 23583 | D:15     | Noticed Louise
 23602 | D:15     | Killed Louise
 23789 | D:15     | Found a staircase to the Depths.
 24382 | Orc:1    | Bought a book of the Moon for 560 gold pieces
 24416 | Orc:2    | Bought a book of Blasting for 544 gold pieces
 24423 | Orc:2    | Learned a level 5 spell: Lee's Rapid Deconstruction
 24819 | Lair:5   | Reached skill level 18 in Spellcasting
 24908 | Lair:5   | Found a transporter.
 25057 | Lair:5   | Found a bloodstained altar of Trog.
 25058 | Lair:5   | Found a transporter.
 25071 | Lair:5   | Noticed LaMa's ghost (journeyman TrAK)
 25330 | Lair:5   | Offered knowledge of Yara's Violent Unravelling by Vehumet.
 25821 | Lair:5   | Found a burning altar of Makhleb.
 26228 | Lair:5   | Found a gateway to Hell.
 26387 | Lair:5   | Killed LaMa's ghost
 26389 | Lair:5   | Reached XP level 16. HP: 71/92 MP: 25/40
 26625 | Elf:1    | Entered Level 1 of the Elven Halls
 27661 | Elf:1    | Reached skill level 5 in Earth Magic
 28072 | Elf:2    | Offered knowledge of Eringya's Noxious Bog by Vehumet.
 28092 | Elf:2    | Reached skill level 19 in Spellcasting
 28168 | Elf:2    | Found a runed translucent gate.
 28169 | Elf:2    | Found a runed translucent gate.
 28169 | Elf:2    | Found a runed translucent gate.
 28336 | Elf:2    | Noticed a deep elf master archer
 28472 | Elf:2    | Killed a deep elf master archer
 28612 | Elf:2    | Identified a scroll of acquirement
 28803 | Elf:3    | Entered Level 3 of the Elven Halls
 29029 | Elf:3    | Found Ming's Jewellery Emporium.
 29031 | Elf:3    | Found Puqaa's Book Shop.
 29032 | Elf:3    | Found Diar's Jewellery Emporium.
 29182 | Elf:3    | Noticed a sphinx
 29182 | Elf:3    | Noticed a sphinx
 29212 | Elf:3    | Killed a sphinx
 29333 | Elf:3    | Killed a sphinx
 29485 | Elf:3    | Noticed a sphinx
 29488 | Elf:3    | Killed a sphinx
 29904 | Elf:3    | Noticed a deep elf blademaster
 30142 | Elf:3    | Acquired the amulet "Qoheului" {Spirit rPois rN+ Int+3}
 30382 | Swamp:1  | Entered Level 1 of the Swamp
 31345 | Swamp:2  | Reached XP level 17. HP: 93/99 MP: 27/42
 31475 | Swamp:2  | Got the Secrets of Toxins
 31542 | Swamp:2  | Reached ****** piety under Vehumet
 31543 | Swamp:2  | Reached skill level 10 in Fire Magic
 31608 | Swamp:2  | Reached skill level 20 in Spellcasting
 32623 | Swamp:3  | Offered knowledge of Maxwell's Capacitive Coupling by
                  | Vehumet.
 32643 | Swamp:2  | Learned a level 8 spell: Maxwell's Capacitive Coupling
 34048 | Swamp:4  | Entered Level 4 of the Swamp
 35182 | Swamp:4  | Reached skill level 21 in Spellcasting
 36301 | Swamp:4  | Offered knowledge of Fire Storm by Vehumet.
 36301 | Swamp:4  | Offered knowledge of Shatter by Vehumet.
 36301 | Swamp:4  | Offered knowledge of Ignition by Vehumet.
 36410 | Swamp:4  | Found a blossoming altar of Fedhas.
 36479 | Swamp:4  | Got a decaying rune of Zot
 36499 | Swamp:4  | Found a basalt altar of Yredelemnul.
 36982 | Vaults:1 | Entered Level 1 of the Vaults
 36992 | Vaults:1 | Found Aba Owenue's Assorted Antiques.
 37018 | Vaults:1 | Reached XP level 18. HP: 103/105 MP: 45/45
 38978 | Vaults:2 | Noticed Asterion
 39241 | Vaults:2 | Killed Asterion
 39242 | Vaults:2 | Reached skill level 10 in Air Magic
 39431 | Vaults:2 | Noticed Bai Suzhen
 39437 | Vaults:2 | Reached skill level 22 in Spellcasting
 39878 | Elf:3    | Bought a book of Dangerous Friends for 640 gold pieces
 39888 | Elf:3    | Learned a level 7 spell: Orb of Destruction
 40063 | Vaults:1 | Killed Bai Suzhen
 41488 | Vaults:2 | Found a staircase to the Crypt.
 41544 | Vaults:2 | Noticed Mara
 41549 | Vaults:2 | Killed Mara
 41853 | Vaults:2 | You fall into a shaft and drop 1 floor!
 41980 | Vaults:3 | Reached XP level 19. HP: 44/110 MP: 13/47
 42279 | Vaults:2 | Learned a level 8 spell: Ignition
 42871 | Vaults:2 | Reached skill level 23 in Spellcasting
 43008 | Vaults:2 | Found Tohike Jyit's Antique Armour Shop.
 43419 | Vaults:3 | Noticed Jory
 43423 | Abyss:2  | Found a corrupted altar of Lugonu.
 43423 | Abyss:2  | Cast into level 2 of the Abyss (a wizard)
 43511 | Vaults:3 | Escaped the Abyss
 44509 | Vaults:3 | Reached skill level 15 in Fire Magic
 44888 | Vaults:3 | Killed Jory
 45471 | Vaults:4 | Reached skill level 10 in Earth Magic
 46231 | Vaults:4 | Noticed Aizul
 46235 | Vaults:4 | Killed Aizul
 46695 | Vaults:4 | Reached skill level 24 in Spellcasting
 46723 | Vaults:4 | Reached XP level 20. HP: 61/115 MP: 28/50
 48263 | D:13     | Learned a level 9 spell: Shatter
 48648 | Elf:3    | Identified the +3 rapier of Jadwiyps {vorpal, *Slow rElec
                  | Will+ Int+3}
 49409 | Elf:3    | Identified the ring of Nustrost {rElec Str+3 Int+2 Dex+6}
 49512 | Elf:3    | Identified the ring "Yruqumnunn" {Wiz rN++}
 49719 | Elf:3    | Identified the -1 kite shield "Lophog" {Will+}
 49722 | Elf:3    | Identified the +4 sling of Conformity {speed, rPois rC-
                  | Int+2 Stlth+}
 49780 | Elf:3    | Identified the ring "Qiqo" {rF- rN+ Int+7}
 49849 | Elf:3    | Identified the +2 cloak "Caumodgh" {Stlth+}
 49895 | Elf:3    | Identified the +2 falchion "Eboiq Ehos" {vorpal, rPois rF++
                  | Int+4}
 49995 | Elf:3    | Bought the amulet of Xom's Fair Game {RegenMP rN+ Int+3}
                  | for 855 gold pieces
 50348 | Elf:3    | Bought a ring of see invisible for 240 gold pieces
 50828 | Depths:1 | Entered Level 1 of the Depths
 51205 | Depths:1 | Found an ornate altar of the Wu Jian Council.
 51685 | Depths:1 | Found a basalt altar of Yredelemnul.
 51697 | Depths:1 | Reached skill level 25 in Spellcasting
 52365 | Depths:2 | Found Wiew's General Store.
 52365 | Depths:2 | Found Koci's Specific Store.
 52421 | Depths:2 | Reached skill level 15 in Earth Magic
 52537 | Depths:2 | Identified the +0 scale mail "Ipuig" {Harm Drain rElec
                  | Regen+}
 52677 | Depths:2 | Reached XP level 21. HP: 83/120 MP: 52/52
 53088 | Depths:2 | Identified the ring of Prescription {rN+ Int+6}
 53360 | Depths:2 | Identified the ring "Ceupaash" {Fire *Slow rCorr Str+4}
 53369 | Depths:2 | Identified the amulet of the Blind Eye {Reflect Dex+3 SH+5}
 53402 | Depths:2 | Identified the ring of Quarch {Fly rElec rPois rCorr MP+9}
 53773 | Depths:2 | Found Gataust's Jewellery Shop.
 53866 | Depths:2 | Found a one-way gate leading to the halls of Pandemonium.
 54307 | Depths:3 | Found Catoempu's Weapon Shoppe.
 54525 | Depths:3 | Noticed a golden dragon
 54730 | Depths:3 | Killed a golden dragon
 55439 | Depths:3 | Found a glowing golden altar of the Shining One.
 55651 | Depths:3 | Found a one-way gate to the infinite horrors of the Abyss.
 56009 | Spider:1 | Entered Level 1 of the Spider Nest
 57167 | Spider:2 | Noticed Arachne
 57172 | Spider:2 | Killed Arachne
 58481 | Spider:2 | Identified the +6 battleaxe of the Nexus {flame, rF+ rC+
                  | rN+}
 58945 | Spider:2 | Reached XP level 22. HP: 18/125 MP: 46/53
 60039 | Spider:3 | Identified the +9 mace "Transmigrator" {elec, SInv}
 60461 | Spider:4 | Entered Level 4 of the Spider Nest
 61856 | Spider:4 | Got a gossamer rune of Zot
 62267 | Depths:4 | Entered Level 4 of the Depths
 62845 | Depths:4 | Found a one-way gateway to a ziggurat.
 62910 | Depths:4 | Noticed a golden dragon
 62911 | Depths:4 | Killed from afar by a daeva

Illustrated notes

Levels and vault maps discovered:
D:1:      dpeg_arrival_ternary, layout_loops_ring, st_stairs_12,
          hangedman_decor_opposing, skrybe_limestone_x,
          chequers_serial_rivers_micro_c, chequers_serial_rivers_room_b,
          nrook_loot_triangle, minmay_hexomino_u4
D:2:      layout_rooms, shapermc_ecumenical_altar_ellora, uniq_natasha,
          uniq_sigmund
D:3:      layout_loops_corners, gup_sewer_entry_bowl, minmay_misc_feat_rows,
          grunt_ministairs_8, uniq_ijyb
D:4:      layout_basic, minmay_temple_entry_sparse_star, uniq_pikel,
          uniq_blork_the_orc, uniq_menkaure, uniq_grinder
D:5:      nicolae_BIG_FREAKIN_CUBE, layout_basic
D:6:      layout_cave_pods, nicolae_overflows_in_rows
D:7:      cheibrodos_steamvent, layout_loops_corners,
          corexii_item_surrounded_by_moat, moated_statue,
          minmay_misc_feat_rugged, ebering_dispersal_statue_hall,
          uniq_crazy_yiuf_cottage, uniq_maggie
D:8:      layout_basic, kennysheep_cluttered_room, minmay_misc_feat_chi,
          nicolae_shop_self_help
D:9:      layout_loops_ring, due_lair_maze_entry_diamond, minmay_fountain_box
D:10:     layout_stronghold, minmay_microvault, uniq_joseph, uniq_nergalle
D:11:     layout_basic, david_orc_3
D:12:     layout_roguey, grunt_decor_mini_mirrors, uniq_frances
D:13:     layout_layer_cave, erik_vaults_2, uniq_rupert, uniq_jorgrun
D:14:     layout_layer_cave, fedhas_altar_fruit_tree, abandoned_shop,
          grunt_ministairs_2
D:15:     hangedman_depths_entry_civil_slaughter, layout_cave_pods,
          gauntlet_entry_generic, nicolae_elyvilon_temple_path,
          okawaru_gym_becter, uniq_louise
Temple:   nicolae_temple_hex_pool
Lair:1:   layout_cave_shapes, nicolae_volcano_entry_lava_flow,
          portal_ice_cave_entry_imps, serial_bayou_shore_a
Lair:2:   layout_chaotic_city
Lair:3:   layout_gridlike, minmay_swamp_entry_swarm, spider_nest_entry_rubble,
          uniq_kirke, uniq_snorg
Lair:4:   layout_roguey [special_room_bee], nicolae_lair_run_with_the_wolves
Lair:5:   evil_forest, layout_gridlike, slime_entry_1,
          gammafunk_ghost_wrathful_warriors, chequers_serial_rivers_large_b,
          uniq_josephine
Swamp:1:  layout_falls_marsh, nicolae_swamp_bean_lake,
          infiniplex_staircase_pool_2
Swamp:2:  layout_basic_swamp, serial_swamp_ruin, evilmike_swamp_ruin_house_4,
          evilmike_swamp_ruin_house_2, swamp_pool1, st_swamp_ruins_3
Swamp:3:  nicolae_swamp_ascending_descending_big, layout_basic_swamp,
          evilmike_swamp_ruin_house_1
Swamp:4:  byrel_swamp_growth_death_and_undeath, layout_basic_swamp, swamp_pool3
Spider:1: layout_spider_delve, drop_trap, nicolae_spider_undead_wolf_pack
Spider:2: layout_spider_delve, nicolae_spider_scorpion_nest, uniq_arachne
Spider:3: layout_spider_delve
Spider:4: spider_rune_water, nicolae_spider_paper_wasps
Orc:1:    layout_diamond_mine, serial_shops, shop, nicolae_shop_gadgets
Orc:2:    grunt_orc_gardens, layout_caves, grunt_orc_garden, grunt_orc_garden,
          grunt_orc_garden, grunt_orc_garden
Elf:1:    layout_onion_city, hangedman_elf_disciples
Elf:2:    nicolae_elf_blades_crystal_corner, layout_geoelf_octagon,
          nicolae_elf_archery_training
Elf:3:    minmay_elf_hall, layout_geoelf_grid, special_room
          [special_room_mythical_zoo], minmay_shop_grove
Vaults:1: hangedman_vaults_cutoff, nicolae_vaults_rhombus_5, v_misc_1, v_misc_4,
          vaults_room_semicircle, vaults_room_octagon, vaults_room_fours,
          layout_vaults_omnigrid, serial_shops,
          nicolae_shop_competitors_out_of_business
Vaults:2: hangedman_vaults_variations, nicolae_vaults_ring_of_whatevers,
          hangedman_vaults_stitches, grunt_vaults_funnel,
          blue_anna_dwarven_crypt, hangedman_vaults_hat, v_misc_14, v_pattern_5,
          v_misc_33, nicolae_vaults_little_squares_4, vaults_dpeg_hooks,
          st_check, vaults_room_stairs_pillars, layout_vaults_ring,
          serial_shops, shop, uniq_bai_suzhen, uniq_asterion, uniq_mara
Vaults:3: v_misc_32, hangedman_vaults_cutoff, v_rooms_5,
          hangedman_vaults_stream, nicolae_vaults_specimen_jars,
          nicolae_vaults_sealed_display, v_misc_3, nicolae_vaults_rhombus_7,
          vaults_room_hallway, nicolae_vaults_statue_guard,
          layout_vaults_chaotic_city, uniq_jory
Vaults:4: nicolae_vaults_network_s, v_misc_9, nicolae_vaults_arrows,
          vaults_room_pool, ontoclasm_vaults_ligature, hangedman_vaults_stagger,
          vaults_mumra_hex, vaults_room_fours, vaults_dpeg_doors,
          nicolae_vaults_little_squares_1, ontoclasm_vaults_twist,
          hangedman_vaults_corner_blocks, layout_vaults_maze, uniq_aizul
Depths:1: layout_long_grid, hell_entry, nzn_wu_jian_contemplation,
          nicolae_yredelemnul_corpse_copse
Depths:2: minmay_the_grid_triangle_9x9_recursive_2_mashed
          [minmay_the_grid_triangle_9x9_prize_special,
          minmay_the_grid_triangle_9x9_sprig,
          minmay_the_grid_triangle_9x9_negative_grid,
          minmay_the_grid_triangle_9x9_minimal], layout_basic,
          hangedman_geh_valley, grunt_pan_entry_zigzag, chequers_jeans,
          drop_trap, nicolae_specific_store, st_stairs_2, minmay_shop_star,
          infiniplex_staircase_zigzag_1
Depths:3: nicolae_cairo_tiling, layout_basic, abyss_entry,
          hangedman_decor_diamond_cutter, pf_hell_entry_tar_river, serial_shops,
          shop, nicolae_tso_swordbearing_angel, infiniplex_staircase_pillars_1
Depths:4: grunt_twist_and_shout, layout_cave_pools, enter_ziggurat_d,
          serial_shops, nicolae_lakefront_shop, shop, lightli_too_deep,
          minmay_shoptagon

Skill      XL: |  1  2  3  4  5  6  7  8  9 10 11 12 13 14 15 16 17 18 19 20 21 22 |
---------------+-------------------------------------------------------------------+-----
Hexes          | 1 2 3 5 6 8 9 10 | 10.0
Evocations     | 1 2 |  2.0
Translocations | 1 2 3 4 5 6 8 9 10 | 10.0
Dodging        | 3 4 6 |  6.0
Throwing       | 1 2 |  2.0
Stealth        | 3 5 6 8 9 |  9.0
Conjurations   | 5 6 7 8 9 10 12 13 15 16 17 18 19 | 19.2
Spellcasting   | 4 6 7 8 10 11 13 15 16 18 19 21 22 24 25 | 25.1
Shields        | 1 3 4 |  4.0
Fighting       | 1 2 3 4 6 7 8 9 |  9.0
Fire Magic     | 3 5 7 8 9 10 13 15 17 18 | 18.0
Ice Magic      | 3 |  3.0
Air Magic      | 3 5 7 8 9 10 | 10.5
Earth Magic    | 4 6 8 9 11 15 19 22 | 22.0

Action                   |  1- 3 |  4- 6 |  7- 9 | 10-12 | 13-15 | 16-18 | 19-21 | 22-24 || total
-------------------------+-------+-------+-------+-------+-------+-------+-------+-------++-------
Melee: Unarmed           |     3 |       |       |       |       |       |       |       ||     3
       Dagger            |     8 |     6 |     5 |       |       |       |       |       ||    19
       Staff             |       |       |     2 |       |     1 |     1 |     1 |     1 ||     6
 Cast: Magic Dart        |    70 |    41 |    53 |     5 |     3 |       |       |       ||   172
       Searing Ray       |     2 |    13 |    22 |     6 |     2 |       |       |     1 ||    46
       Fulminant Prism   |       |     1 |    47 |   144 |    82 |    31 |    91 |    10 ||   406
       Iskenderun's Myst |       |       |     3 |    57 |   125 |    65 |   153 |    82 ||   485
       Mephitic Cloud    |       |       |       |     1 |     1 |       |       |       ||     2
       Fireball          |       |       |       |       |    54 |    76 |    21 |    24 ||   175
       Freezing Cloud    |       |       |       |       |    20 |     9 |       |       ||    29
       Conjure Ball Ligh |       |       |       |       |    75 |   198 |   181 |    11 ||   465
       Iron Shot         |       |       |       |       |    46 |    75 |   133 |    37 ||   291
       Lee's Rapid Decon |       |       |       |       |     2 |    27 |    44 |    15 ||    88
       Orb of Destructio |       |       |       |       |       |     8 |    47 |     8 ||    63
       Ignition          |       |       |       |       |       |       |    16 |    26 ||    42
Evoke: Wand              |       |       |       |     2 |       |       |     1 |       ||     3
  Use: Scroll            |       |     9 |     7 |     7 |     5 |     7 |    13 |     2 ||    50
       Potion            |       |       |       |       |     5 |       |     8 |     3 ||    16
 Stab: Sleeping          |     3 |     2 |       |       |       |       |       |       ||     5
       Distracted        |       |       |       |       |       |     1 |       |       ||     1
Armor: Robe              |     5 |     3 |     3 |     6 |    13 |    22 |    19 |    11 ||    82
Dodge: Dodged            |    12 |    13 |    14 |    15 |    54 |    34 |    61 |    15 ||   218
Block: Buckler           |       |       |       |     8 |    15 |    12 |    21 |     2 ||    58
